 Dungeon Crawl Stone Soup version 0.31-a0-538-gbc85326fa9 (webtiles) character file.

Game seed: 13382974815040613032

856 Zonian the Ruffian (level 8, -2/54 HPs)
             Began as an Octopode Shapeshifter on Aug 13, 2023.
             Was a High Priest of Uskayaw.
             Slain by Pikel
             ... wielding a +1 whip of flaming
              (7 damage)
             ... on level 5 of the Dungeon.
             The game lasted 00:07:55 (6495 turns).

Zonian the Ruffian (Octopode Shapeshifter)          Turns: 6495, Time: 00:07:56

Health: -2/54      AC:  1    Str: 17    XL:     8   Next: 2%
Magic:  8/8        EV: 14    Int: 10    God:    Uskayaw [*****.]
Gold:   202        SH:  3    Dex: 12    Spells: 7/7 levels left

rFire   x . .        j - +1 dagger (flame)
rCold   + . .        s - +0 buckler
rNeg    . . .        (helmet currently unavailable)
rPois   .            (no amulet)
rElec   .            e - ring of ice
rCorr   .            (no ring)
SInv    .            (no ring)
Will    .....        (no ring)
Stlth   ++           (no ring)
HPRegen 0.29/turn    (no ring)
MPRegen 0.11/turn    (no ring)
                     (no ring)

%: no passive effects
@: beast-form
A: beast (slay +3), almost no armour, amphibious, 8 rings, camouflage 1,
gelatinous body 1, (nimble swimmer 1), tentacles
a: Begin Untransformation, Renounce Religion, Stomp, Line Pass, Grand Finale


You were on level 5 of the Dungeon.
You worshipped Uskayaw.
Uskayaw was noncommittal.
You were a hulking beast.
You visited 1 branch of the dungeon, and saw 5 of its levels.

You collected 202 gold pieces.

Inventory:

Hand Weapons
 j - a +1 dagger of flaming (weapon)
Armour
 s - a +0 buckler (worn)
Jewellery
 e - a ring of ice (left tentacle)
Talismans
 b - a beast talisman (active)
 c - a flux talisman
Scrolls
 d - 2 scrolls of teleportation
 g - 2 scrolls of fear {unknown}
 k - 2 scrolls of immolation {unknown}
 l - 2 scrolls of amnesia {unknown}
 n - a scroll of summoning {unknown}
 q - a scroll of fog {unknown}
 r - a scroll of enchant weapon {unknown}
Potions
 a - a potion of lignification
 f - 2 potions of cancellation
 h - 3 potions of berserk rage
 i - 3 potions of curing
 m - a potion of enlightenment
 o - a potion of magic
 p - a potion of ambrosia {unknown}


   Skills:
 + Level 4.3 Fighting
 + Level 4.7 Dodging
 + Level 5.2 Unarmed Combat
 + Level 4.7 Shapeshifting


You had 7 spell levels left.
You didn't know any spells.
Your spell library contained the following spells:

 Spells                   Type           Power      Damage    Failure   Level
 Lesser Beckoning         Tloc           0%         N/A       58%         2
 Sublimation of Blood     Necr           0%         N/A       58%         2
 Wereblood                Tmut           0%         N/A       58%         2
 Gell's Gravitas          Tloc           0%         N/A       83%         3
 Hailstorm                Conj/Ice       0%         3d3       83%         3
 Teleport Other           Tloc           0%         N/A       83%         3
 Petrify                  Tmut/Erth      0%         N/A       99%         4
 Summon Ice Beast         Ice/Summ       0%         N/A       99%         4
 Irradiate                Conj/Tmut      0%         3d11      100%        5
 Simulacrum               Ice/Necr       0%         N/A       100%        6
 Summon Hydra             Summ           0%         N/A       100%        7


Dungeon Overview and Level Annotations

Branches:
Dungeon (5/15)
 Temple: D:4-7

Altars:
Kikubaaqudgha
Sif Muna
Uskayaw
Zin

Annotations:
D:5 Pikel


Innate Abilities, Weirdness & Mutations

You are a hulking beast.
Your limbs bulge with bestial killing power. (Slay +3)
You cannot wear most types of armour.
You are amphibious.
You can wear up to eight rings at the same time.
Your skin changes colour to match your surroundings (Stealth+).
Your rubbery body absorbs attacks. (AC +1, EV +1)
((You are camouflaged when in or above water. (Stealth+)))
You have tentacles for arms and can constrict up to eight enemies at once.


Message History

You constrict Pikel, but do no damage.
The lemure is no longer sharing its pain. x2
Pikel barely misses you.
Unknown command.
You hit Pikel but do no damage.
Pikel is moderately wounded.
You constrict Pikel. You block Pikel's attack.
Unknown command.
Okay, then.
You hit Pikel but do no damage. You squeeze Pikel.
Pikel is heavily wounded.
You constrict Pikel. You block Pikel's attack.
You can now merge with and destroy a victim.
Unknown command.
You hit Pikel but do no damage.
Pikel is heavily wounded.
You constrict Pikel, but do no damage.
Pikel hits you with a +1 whip of flaming!
Pikel burns you.
Unknown command.
You hit Pikel but do no damage.
Pikel is heavily wounded.
You constrict Pikel. You block Pikel's attack.
Unknown command.
You hit Pikel but do no damage.
Pikel is severely wounded.
You constrict Pikel. Pikel misses you.
Unknown command.
You hit Pikel but do no damage.
Pikel is severely wounded.
You constrict Pikel.
Pikel hits you with a +1 whip of flaming!
* * * LOW HITPOINT WARNING * * *
Pikel burns you.
* * * LOW HITPOINT WARNING * * *
You feel better.
You constrict Pikel, but do no damage.
Pikel hits you with a +1 whip of flaming!
* * * LOW HITPOINT WARNING * * *
Pikel burns you!
You die...

#########
......$># #h#
#K# #5#########
#####5..5......
+##
#..........K...
...
#.......5......
...
##..............
...
#......#########
... ##......#


You could see Pikel and 2 lemures.

Vanquished Creatures
  Duvessa (D:4)
  An ice beast (D:4)
  A black bear (D:4)
  2 lemures (D:5)
  3 scorpions
  Dowan (D:4)
  A hound (D:4)
  2 orc priests
  2 iguanas
  10 adders
  5 worms
  A dart slug (D:1)
  11 orcs
  8 endoplasms
  4 giant cockroaches
  6 goblins
  9 hobgoblins
  3 jackals (D:1)
  5 quokkas
  8 ball pythons
  6 bats
  13 kobolds
  4 rats
107 creatures vanquished.

Notes
Turn   | Place    | Note
-------+----------+-------------------------------------------
     0 | D:1      | Zonian the Octopode Shapeshifter began the quest for the
                  | Orb.
     0 | D:1      | Reached XP level 1. HP: 13/13 MP: 1/1
   417 | D:1      | Reached XP level 2. HP: 11/18 MP: 2/2
  1044 | D:1      | Reached XP level 3. HP: 23/23 MP: 3/3
  2219 | D:2      | Reached XP level 4. HP: 29/29 MP: 4/4
  2841 | D:2      | Found a glowing silver altar of Zin.
  3462 | D:3      | Reached XP level 5. HP: 13/34 MP: 5/5
  4286 | D:3      | Found a hide-covered altar of Uskayaw.
  4308 | D:3      | Became a worshipper of Uskayaw the Reveller
  4357 | D:3      | Found a faded altar of an unknown god.
  4437 | D:3      | Reached * piety under Uskayaw
  4439 | D:3      | Reached skill level 4 in Unarmed Combat
  4966 | D:4      | Noticed Dowan
  4968 | D:4      | Reached ** piety under Uskayaw
  4970 | D:4      | Reached XP level 6. HP: 41/41 MP: 6/6
  4990 | D:4      | Noticed a black bear
  5000 | D:4      | Killed a black bear
  5000 | D:4      | Reached *** piety under Uskayaw
  5077 | D:4      | Noticed an ice beast
  5100 | D:4      | Killed an ice beast
  5422 | D:4      | Reached XP level 7. HP: 36/46 MP: 7/7
  5724 | D:4      | Found an ancient bone altar of Kikubaaqudgha.
  5758 | D:4      | Found a shimmering blue altar of Sif Muna.
  5814 | D:4      | Noticed Duvessa
  5827 | D:4      | Killed Duvessa
  5832 | D:4      | Killed Dowan
  5833 | D:4      | Reached skill level 5 in Unarmed Combat
  6323 | D:5      | Entered Level 5 of the Dungeon
  6363 | D:5      | Reached XP level 8. HP: 54/54 MP: 8/8
  6467 | D:5      | Noticed Pikel
  6485 | D:5      | Reached **** piety under Uskayaw
  6490 | D:5      | Reached ***** piety under Uskayaw
  6495 | D:5      | Slain by Pikel

Illustrated notes

Levels and vault maps discovered:
D:1:      dpeg_arrival_another_circle, layout_basic, fountainhead,
          minmay_misc_feat_x
D:2:      layout_basic, basic_altar, kennysheep_generic_room_8
D:3:      layout_rooms, nicolae_overflow_crystal_walls,
          hellmonk_ecumenical_altar_run_dry
D:4:      layout_loops_ring, mainiacjoe_overflow_two_lobes, uniq_duvessa
D:5:      layout_basic, tgw_xom, uniq_pikel

Skill      XL: |  1  2  3  4  5  6  7 |
---------------+----------------------+-----
Fighting       | 2 3 4 |  4.3
Dodging        | 3 4 |  4.7
Unarmed Combat | 4 5 |  5.2
Shapeshifting  | 4 |  4.7

Action                     |  1- 3 |  4- 6 |  7- 9 || total
---------------------------+-------+-------+-------++-------
  Melee: Unarmed           |    63 |       |       ||    63
         Constrict         |    15 |    18 |    14 ||    47
         Tentacles         |     4 |    13 |    15 ||    32
         Punch             |     3 |     4 |     4 ||    11
         Dagger            |     5 |   114 |    69 ||   188
 Invoke: Line Pass         |       |     1 |       ||     1
    Use: Scroll            |       |     4 |     2 ||     6
         Potion            |       |       |     2 ||     2
   Stab: Sleeping          |    11 |     9 |     3 ||    23
         Paralysed         |       |       |     2 ||     2
         Distracted        |       |       |     1 ||     1
 Armour: Skin              |     3 |    11 |     1 ||    15
  Dodge: Dodged            |    21 |    66 |    37 ||   124
  Block: Buckler           |       |       |     4 ||     4

Table legend: (Time is in decaauts)
 A = Elapsed time spent in this place.
 B = Non-inter-level travel time spent in this place.
 C = Inter-level travel time spent in this place.
 D = Time resting spent in this place.
 E = Time spent auto-exploring this place.
 F = Levels seen in this place.
 G = Mean time per level.
                   A        B        C        D        E       F      G
               +--------+--------+--------+--------+--------+-----+--------+
         Total |   6497 |   6427 |     70 |   2825 |   2649 |   5 | 1299.4 |
       Dungeon |   6497 |   6427 |     70 |   2825 |   2649 |   5 | 1299.4 |
               +--------+--------+--------+--------+--------+-----+--------+

Top non-repeatable levels by time:
     D:4: 1647 daAuts
     D:2: 1611 daAuts
     D:3: 1565 daAuts
     D:1: 1500 daAuts
     D:5: 172 daAuts
